Map: Prion Terraces

Players

BoogerSugar - Winner!

  • Race: Terran Terran

Joneahboii

  • Race: Zerg Zerg
  • League: Platinum

VOD

Have the link to the VOD?

Description

Time

  • Played on: Nov. 12, 2015, 12:25 a.m.
  • Length: 11:28
Show
View Real Time Build Order
Export as new Build Order

BoogerSugar Terran - Winner!

Build Orders: Reaper Expand, Bio Tank 

Get SALT Encoding   

  12  0:03  SCV  
  13  0:15  SCV  
  14  0:23  Supply Depot  
  14  0:27  SCV  
  15  0:30  Refinery  
  15  0:45  SCV  
  15  0:46  Barracks  
  17  0:57  SCV  
  17  1:09  SCV  
  18  1:21  SCV  
  19  1:33  Orbital Command  
  19  1:34  Reaper  
  20  1:45  Command Center  
  20  1:52  Supply Depot  
  20  1:59  SCV  
  21  2:06  Reaper  
  22  2:08  Refinery  
  22  2:11  SCV  
  23  2:17  Factory  
  23  2:23  SCV  
  24  2:43  SCV  
  25  2:45  Barracks Reactor  
  25  2:55  Command Center  
  25  2:58  Orbital Command  
  25  3:16  SCV  
  25  3:17  Factory Tech Lab  
  26  3:33  Marine x2  
  26  3:34  SCV x2  
  30  3:46  SCV x2  
  30  3:47  Engineering Bay  
  32  3:55  Engineering Bay  
  32  3:56  Siege Tank  
  32  3:57  Marine x2  
  32  3:59  SCV  
  32  4:00  SCV  
  39  4:09  Bunker  
  39  4:11  SCV  
  39  4:12  Orbital Command  
  39  4:14  SCV  
  39  4:16  Marine x2  
  43  4:24  SCV  
  44  4:26  SCV  
  44  4:28  Siege Tank  
  48  4:36  Terran Infantry Weapons Level 1, Terran Infantry Armor Level 1, SCV  
  48  4:38  SCV, Refinery  
  50  4:39  Refinery  
  50  4:42  SCV  
  51  4:48  SCV, Barracks Tech Lab  
  51  4:51  Barracks  
  52  4:53  SCV  
  52  4:54  SCV  
  54  5:09  Starport, Marine  
  54  5:10  SCV x2, Stimpack  
  54  5:11  SCV  
  54  5:12  Factory Reactor  
  58  5:18  Barracks  
  56  5:23  Barracks  
  56  5:31  Supply Depot  
  56  5:32  Supply Depot  
  56  5:33  SCV x2  
  56  5:34  Marine  
  59  5:39  Marine x2  
  61  5:46  Supply Depot  
  61  5:48  Supply Depot  
  61  5:52  Marine  
  61  5:53  SCV x3  
  61  5:55  Armory  
  65  6:00  Marine  
  65  6:01  Marine  
  67  6:05  Siege Tank, Medivac  
  67  6:07  Medivac, Orbital Command  
  67  6:09  Barracks  
  67  6:11  Barracks  
  74  6:15  Barracks Reactor  
  74  6:16  Barracks Reactor  
  74  6:17  Marine  
  75  6:18  Marine  
  75  6:24  SCV x2  
  78  6:28  Marine  
  79  6:32  Supply Depot x2  
  79  6:33  SCV  
  79  6:35  Marine  
  79  6:36  Marine  
  82  6:48  SCV x2, Marine  
  82  6:52  Terran Infantry Weapons Level 2  
  82  6:53  Marine  
  86  6:54  Marine  
  86  6:55  SCV  
  86  6:59  Barracks Reactor x2, Refinery  
  88  7:06  SCV x2, Marine  
  88  7:07  SCV  
  92  7:10  Combat Shields  
  92  7:18  Marine x6  
  92  7:19  Siege Tank, Medivac  
  92  7:20  Medivac  
  98  7:32  Marine  
  98  7:34  SCV x2  
  98  7:36  Marine x5  
  104  7:44  Marine  
  104  7:45  Marine x4  
  104  7:49  Medivac  
  104  7:50  Marine, Medivac  
  112  7:51  Siege Tank  
  112  7:52  Supply Depot  
  112  7:54  Supply Depot, Marine x4  
  112  7:55  Supply Depot, Missile Turret  
  112  7:58  Missile Turret  
  113  8:02  Missile Turret x2  
  113  8:06  Marine  
  113  8:07  Marine x3  
  117  8:13  Marine x4  
  121  8:21  Marine x3  
  121  8:22  Medivac  
  121  8:23  Siege Tank, Medivac  
  121  8:24  Marine x2, Terran Infantry Armor Level 2  
  132  8:38  Marine x6  
  132  8:39  Marine  
  139  8:42  Command Center  
  135  9:06  Marine  
  135  9:07  Marine x5  
  141  9:11  Marine x3  
  141  9:12  Marine x2  
  141  9:13  Siege Tank  
  133  9:17  Medivac x2  
  137  9:24  Marine x4  
  137  9:28  Marine  
  137  9:30  Marine x2  
  137  9:31  Marine x2  
  141  9:32  Marine  
  141  9:33  Marine  
  130  9:42  Marine  
  130  9:43  Marine  
  130  9:44  Marine x2  
  134  9:46  Siege Tank, Marine  
  134  9:47  Marine, Medivac x2  
  134  9:48  Marine  
  134  9:49  Marine x2  
  134  9:50  Marine  
  131  10:11  Marine x5  
  131  10:12  Marine x6  
  142  10:15  Barracks  
  142  10:16  Barracks  
  142  10:17  Factory  
  142  10:18  Siege Tank  
  142  10:20  Supply Depot  
  145  10:21  Supply Depot  
  145  10:22  Supply Depot  
  144  10:29  Marine x7  
  151  10:44  Supply Depot  
  151  10:47  Supply Depot  
  151  10:57  Missile Turret  
  151  10:59  Missile Turret  
  151  11:01  Missile Turret  
  145  11:07  Marine x11  
  145  11:09  Factory Tech Lab, Barracks Tech Lab  
Show
View Real Time Build Order
Export as new Build Order

Joneahboii Zerg 

Build Orders: Hatch First, Muta Ling Bane 

Get SALT Encoding   

  12  0:01  Drone  
  13  0:13  Overlord  
  13  0:18  Drone  
  14  0:31  Drone x2  
  16  0:37  Drone  
  17  0:55  Hatchery  
  16  1:00  Drone x2  
  18  1:05  Extractor  
  17  1:15  Spawning Pool  
  17  1:18  Drone  
  17  1:22  Drone  
  18  1:29  Drone  
  19  1:40  Overlord  
  19  1:51  Drone  
  20  2:02  Queen  
  20  2:03  Zergling x2  
  20  2:07  Metabolic Boost  
  23  2:10  Queen  
  23  2:13  Zergling x2  
  26  2:18  Drone  
  26  2:20  Drone  
  28  2:24  Drone  
  29  2:30  Overlord  
  29  2:33  Drone  
  29  2:36  Extractor  
  29  2:41  Queen  
  31  2:46  Queen  
  33  2:52  Drone x3  
  37  3:03  Hatchery  
  37  3:04  Overlord  
  36  3:06  Drone  
  36  3:14  Drone x2  
  36  3:17  Zergling x6  
  41  3:20  Overlord  
  41  3:24  Drone x3  
  43  3:30  Overlord  
  43  3:31  Zergling x2  
  42  3:39  Zergling x2  
  43  3:45  Drone  
  43  3:47  Drone  
  43  3:48  Extractor  
  44  3:53  Drone  
  44  3:54  Drone, Queen  
  48  3:56  Drone x2  
  49  4:03  Drone  
  49  4:04  Drone x2  
  49  4:05  Overlord  
  49  4:08  Drone  
  53  4:13  Drone  
  54  4:19  Drone, Extractor  
  54  4:20  Drone  
  54  4:22  Extractor  
  54  4:23  Drone, Queen  
  57  4:25  Drone x2  
  57  4:26  Drone  
  57  4:31  Queen  
  60  4:37  Drone  
  60  4:38  Drone x3  
  66  4:39  Evolution Chamber  
  66  4:40  Evolution Chamber  
  66  4:41  Drone x3  
  68  4:45  Drone  
  68  4:46  Drone  
  68  4:50  Drone  
  70  4:53  Lair  
  70  4:55  Baneling Nest  
  70  4:56  Drone x4  
  73  5:01  Overlord  
  73  5:03  Overlord  
  72  5:16  Zergling x12  
  72  5:21  Zerg Ground Armor Level 1, Zerg Melee Weapons Level 1  
  77  5:23  Extractor x2  
  75  5:29  Zergling x10  
  75  5:34  Drone  
  81  5:41  Hatchery  
  80  5:45  Overlord  
  80  5:51  Drone x11  
  91  5:57  Spire  
  90  6:06  Drone  
  90  6:07  Drone x6  
  90  6:08  Drone x2  
  90  6:10  Centrifical Hooks  
  99  6:15  Zergling x4  
  99  6:17  Baneling x6  
  101  6:21  Zergling x8  
  105  6:33  Zergling x2  
  105  6:35  Overlord x2  
  105  6:42  Overseer  
  105  6:43  Overseer  
  105  6:58  Extractor  
  105  6:59  Spine Crawler, Extractor  
  105  7:00  Overlord  
  102  7:02  Overlord, Spine Crawler, Baneling x3  
  101  7:11  Overlord  
  101  7:12  Mutalisk x3  
  101  7:13  Mutalisk x9  
  119  7:25  Overlord  
  113  7:32  Drone  
  113  7:33  Drone x8  
  113  7:35  Overlord  
  121  7:38  Zerg Ground Armor Level 2, Zerg Melee Weapons Level 2  
  121  7:43  Overlord  
  119  7:44  Zergling x10  
  119  7:47  Drone x2  
  121  7:57  Drone x8  
  128  8:00  Overseer, Queen  
  130  8:07  Overlord  
  130  8:09  Mutalisk x5  
  130  8:11  Zergling x4  
  142  8:13  Overlord  
  142  8:23  Zerg Flyer Weapons Level 1  
  142  8:24  Zergling x2  
  142  8:25  Infestation Pit, Zergling x16  
  150  8:30  Overlord  
  150  8:32  Zergling x4  
  142  8:35  Mutalisk  
  142  8:36  Mutalisk, Queen  
  142  8:37  Mutalisk x2  
  142  8:40  Overlord  
  152  8:44  Baneling x8  
  152  8:45  Zergling x10  
  154  8:49  Mutalisk  
  154  8:54  Overlord  
  152  8:57  Overlord  
  152  8:58  Zergling x6  
  152  9:04  Mutalisk x2  
  152  9:08  Overlord  
  154  9:13  Overlord  
  154  9:16  Mutalisk x2  
  125  9:18  Zergling x2  
  125  9:19  Zergling x8  
  131  9:27  Overlord  
  119  9:37  Hatchery, Mutalisk x3  
  112  9:39  Extractor  
  112  9:41  Extractor  
  106  9:50  Zergling x8  
  102  10:03  Drone  
  102  10:04  Drone x3  
  106  10:14  Zergling x6  
  107  10:18  Mutalisk x2, Overlord  
  113  10:24  Mutalisk  
  113  10:27  Mutalisk  
  117  10:29  Zergling x10  
  117  10:35  Queen  
  124  10:43  Overlord  
  124  10:45  Zergling x10  
  124  10:48  Baneling x3  
  129  10:50  Baneling x2  
  129  10:51  Baneling  
  129  11:02  Overlord  
  129  11:04  Zergling x16  
  118  11:06  Zergling x4  
Tags
 
Add a new tag
Caveats
  • Supply blocks, unpowered buildings, or Contaminate may cause inaccurate times.
  • Supply counts are checked every 10 seconds.